 Dungeon Crawl Stone Soup version 0.30.1-9-gdf580d7c3d (webtiles) character file.

Game seed: 5500548155090354151

2139 DearestLeader the Magician (level 9, -5/64 HPs)
             Began as a Djinni Fire Elementalist on Oct 2, 2023.
             Was an Initiate of Makhleb.
             Shot with a bolt by an orc warrior (8 damage)
             ... on level 7 of the Dungeon on Oct 3, 2023.
             The game lasted 00:26:21 (6821 turns).

DearestLeader the Magician (DjFE)                   Turns: 6821, Time: 00:26:22

Health: -5/64      AC:  4    Str:  7    XL:     9   Next: 55%
Gold:   380        EV: 13    Int: 28    God:    Makhleb [......] SH:  0 Dex: 13

rFire   + + .        G - +2 dagger (speed)
rCold   . . .        (no shield)
rNeg    . . .        h - +0 leather armour
rPois   ∞            (no helmet)
rElec   .            (no cloak)
rCorr   .            J - +0 pair of gloves
SInv    .            (boots unavailable)
Will    .....        (no amulet)
Stlth   ++           f - ring of protection from cold
HPRegen 0.30/turn    c - +6 ring of intelligence
MPRegen 0.00/turn

%: infuse magic (-6 HP)
@: about to teleport, flying
A: sickness immunity, fire resistance 2, cold vulnerability 1, float, innate
caster, HP casting, extra vitality 1
a: Renounce Religion


You were on level 7 of the Dungeon.
You worshipped Makhleb.
Makhleb was noncommittal.
You visited 2 branches of the dungeon, and saw 8 of its levels.

You collected 380 gold pieces.

Inventory:

Hand Weapons
 G - a +2 dagger of speed (weapon)
Missiles
 t - 6 javelins
 y - 19 poisoned darts
 A - a throwing net
Armour
 h - a +0 leather armour (worn)
 x - an orb of wrath
 J - a +0 pair of gloves (worn)
 K - a +0 buckler
Jewellery
 c - a +6 ring of intelligence (right hand)
 f - a ring of protection from cold (left hand)
 m - a ring of ice
 L - a ring of willpower
Scrolls
 a - a scroll of summoning {unknown}
 d - 2 scrolls of poison
 g - 4 scrolls of magic mapping
 i - a scroll of torment {unknown}
 j - 2 scrolls of teleportation
 k - a scroll of amnesia {unknown}
 l - 2 scrolls of immolation {unknown}
 n - 2 scrolls of enchant weapon {unknown}
 o - 2 scrolls of vulnerability {unknown}
 p - a scroll of enchant armour {unknown}
 v - a scroll of silence {unknown}
 z - a scroll of noise {unknown}
 B - 2 scrolls of fog {unknown}
 E - 2 scrolls of blinking {unknown}
 H - 2 scrolls of fear {unknown}
Potions
 b - a potion of flight
 e - 3 potions of curing
 q - 4 potions of lignification
 r - a potion of haste {unknown}
 s - a potion of resistance {unknown}
 u - 2 potions of attraction
 D - 3 potions of berserk rage {unknown}
 F - 2 potions of brilliance {unknown}
 I - a potion of mutation {unknown}


   Skills:
 + Level 4.9 Fighting
 + Level 4.6 Armour
 - Level 6.0 Dodging
 - Level 2.0 Stealth
 * Level 3.3 Shields
 * Level 6.1 Spellcasting


You knew the following spells:

 Your Spells              Type           Power      Damage    Failure   Level
a - Foxfire               Conj/Fire      100%       2x1d9     1%          1
b - Scorch                Fire           84%        2d9       1%          2
c - Volatile Blastmotes   Fire/Tloc      84%        2d17      1%          3
d - Inner Flame           Hex/Fire       42%        N/A       1%          3
e - Flame Wave            Conj/Fire      42%        2d11      7%          4
f - Sandblast             Erth           84%        2d18      1%          1
g - Passwall              Tmut/Erth      35%        N/A       1%          2
h - Portal Projectile     Hex/Tloc       84%        N/A       1%          3
i - Animate Dead          Necr           42%        N/A       7%          4
Your spell library was empty.

Dungeon Overview and Level Annotations

Branches:
Dungeon (7/15)             Temple (1/1) D:5

Altars:
Ashenzari
Makhleb
Ru
Uskayaw
Xom
Yredelemnul

Shops:
D:1 !

Annotations:
D:5 2 transporters, Plommelars's ghost, amateur GrFi


Innate Abilities, Weirdness & Mutations

You are immune to sickness and miasma.
You are immune to poison.
Your flesh is very heat resistant. (rF++)
You are vulnerable to cold. (rC-)
You float through the air rather than walking.
You learn spells naturally, not from books.
Your magical power is your life essence.
You have superior vitality. (+4 MHP)


Message History

Press: ? - help, Dir - look around, f - activate A wave of flame ripples out! (Press . to intensify the flame waves.)
You hear a shout!
The orc warrior shoots a bolt.
The bolt hits you!
Unknown command.
Casting: Flame Wave (dangerous; 7% risk of failure)
Confirm with . or Enter, or press ? or * to list all spells.
Restarting spell: Flame Wave (dangerous; 7% risk of failure)
Press: ? - help, Dir - look around, f - activate A wave of flame ripples out! (Press . to intensify the flame waves.)
The orc warrior shoots a bolt.
The bolt closely misses you.
The orc warrior shoots a bolt.
The bolt hits you!! The ogre misses you.
Found a dagger.
Found a stone staircase leading up.
The orc warrior shoots a bolt.
The bolt hits you.
* * * LOW HITPOINT WARNING * * *
A kobold brigand comes into view.
It is wielding a +0 short sword and quivering poisoned darts.
The ogre attacks as you move away!
The ogre barely misses you. 2 kobolds come into view.
The kobold brigand shouts!
The kobold brigand closely misses you.
You hear a shout!
The ogre attacks as you move away! The ogre hits you with a +0 giant club.
* * * LOW HITPOINT WARNING * * *
As you read the scroll of teleportation, it crumbles to dust.
You feel strangely unstable.
A kobold comes into view.
It is wielding a +0 dagger and quivering poisoned darts.
The kobold attacks as you move away! The kobold closely misses you.
The kobold brigand attacks as you move away!
The kobold brigand hits you with a +0 short sword!
* * * LOW HITPOINT WARNING * * *
The ogre attacks as you move away! The ogre closely misses you.
Your surroundings suddenly seem different.
A kobold comes into view. It is wielding a +0 dagger.
The orc warrior shoots a bolt.
The bolt hits you.
* * * LOW HITPOINT WARNING * * *
As you read the scroll of teleportation, it crumbles to dust.
You feel strangely unstable.
The orc warrior shoots a bolt.
The bolt hits you!
You die...

############
##...........
####KKK######### ####
#...)..O.....##### ...# #
#.###<..###.o..).##...#..
##.## #.o..)......... #K
#@####o........ .K......#
#.<....... ##..#####
#.##...##. ## ...o .....
...... ..## ##.##.## .#
#. #.# # # #.# #.


You could see an orc warrior, an orc and a kobold.

Vanquished Creatures
  Prince Ribbit (D:5)
  Grinder (D:6)
  Menkaure (D:6)
  An ice beast (D:6)
  A black bear (D:4)
  An ogre (D:5)
  2 phantoms
  A kobold brigand (D:6)
  A bullfrog (D:6)
  3 scorpions
  4 hounds
  4 orc priests
  A gnoll bouda (D:5)
  4 sleepcaps
  12 orc wizards
  9 gnolls
  7 adders
  A worm (D:4)
  A dart slug (D:4)
  30 orcs
  3 endoplasms (D:1)
  3 giant cockroaches
  6 goblins
  6 hobgoblins
  6 jackals
  8 kobolds
  4 quokkas
  2 ball pythons (D:1)
  6 bats
  7 frilled lizards
  6 rats
143 creatures vanquished.

Vanquished Creatures (others)
  160 foxfires
160 creatures vanquished.

Grand Total: 303 creatures vanquished

Notes
Turn   | Place    | Note
-------+----------+-------------------------------------------
     0 | D:1      | DearestLeader the Djinni Fire Elementalist began the quest
                  | for the Orb.
     0 | D:1      | DearestLeader set off with the following spells memorised:
                  | Foxfire, Scorch, Volatile Blastmotes, Inner Flame, Flame
                  | Wave.
     0 | D:1      | Reached XP level 1. HP: 15/15 MP: 0/0
    12 | D:1      | Found a faded altar of an unknown god.
   109 | D:1      | Reached XP level 2. HP: 19/21 MP: 0/0
   212 | D:1      | Found Zieceat's Distillery.
   392 | D:1      | Reached XP level 3. HP: 25/26 MP: 0/0
   392 | D:1      | Learned a level 1 spell: Sandblast
   746 | D:1      | Reached skill level 1 in Fighting
  1201 | D:2      | Reached XP level 4. HP: 31/32 MP: 0/0
  1962 | D:3      | Found a hide-covered altar of Uskayaw.
  2116 | D:3      | Reached XP level 5. HP: 34/37 MP: 0/0
  2116 | D:3      | Learned a level 2 spell: Passwall
  2790 | D:4      | Reached skill level 1 in Armour
  2824 | D:4      | Reached XP level 6. HP: 17/43 MP: 0/0
  3235 | D:4      | Noticed a black bear
  3248 | D:4      | Killed a black bear
  3249 | D:4      | Reached XP level 7. HP: 26/49 MP: 0/0
  3249 | D:4      | Learned a level 3 spell: Portal Projectile
  3602 | D:4      | Found a shimmering altar of Xom.
  3765 | D:5      | Entered Level 5 of the Dungeon
  3925 | D:5      | Found a transporter.
  3970 | D:5      | Noticed Plommelars's ghost (amateur GrFi)
  4166 | D:5      | Reached skill level 5 in Dodging
  4282 | D:5      | Reached XP level 8. HP: 50/56 MP: 0/0
  4317 | D:5      | Found a transporter.
  4749 | D:5      | Reached skill level 5 in Spellcasting
  4913 | D:5      | Found a staircase to the Ecumenical Temple.
  4926 | Temple   | Entered the Ecumenical Temple
  4959 | Temple   | Became a worshipper of Makhleb the Destroyer
  5193 | D:5      | Noticed Prince Ribbit
  5201 | D:5      | Killed Prince Ribbit
  5728 | D:6      | Reached skill level 1 in Shields
  5728 | D:6      | Reached XP level 9. HP: 6/62 MP: 0/0
  5728 | D:6      | Learned a level 4 spell: Animate Dead
  5728 | D:6      | HP: 1/62 [kobold brigand/+0 dagger (5)]
  6166 | D:6      | Noticed Grinder
  6187 | D:6      | Killed Grinder
  6329 | D:6      | Noticed Menkaure
  6337 | D:6      | Killed Menkaure
  6820 | D:7      | HP: 3/64 [orc warrior/bolt (4)]
  6821 | D:7      | Shot with a bolt by an orc warrior

Illustrated notes

Levels and vault maps discovered:
D:1:      minmay_arrival_four_houses, layout_rooms, serial_shops,
          nicolae_shop_just_a_little_nook,
          hellmonk_ecumenical_altar_pennies_from_heaven, corexii_corridor_pit
D:2:      layout_basic
D:3:      layout_basic, lemuel_doored_altar, nicolae_uskayaw_suspiria
D:4:      layout_loops_ring, xom_teletrap_fun
D:5:      layout_basic, minmay_temple_entry_glassed_door,
          gammafunk_ghost_stat_death, minmay_misc_feat_x, uniq_prince_ribbit1
D:6:      layout_basic, uniq_grinder, uniq_menkaure
D:7:      layout_loops_ring, fedhas_altar_2, grunt_ogre_cave
Temple:   oiseaux_autumnal_temple

Skill      XL: |  1  2  3  4  5  6  7  8  9 |
---------------+----------------------------+-----
Stealth        | 2 |  2.0
Dodging        | 3 4 5 6 |  6.0
Fighting       | 1 2 3 4 |  4.9
Spellcasting   | 3 4 5 6 |  6.1
Armour         | 1 2 3 4 |  4.6
Shields        | 1 3 |  3.3

Action                     |  1- 3 |  4- 6 |  7- 9 || total
---------------------------+-------+-------+-------++-------
  Melee: Unarmed           |     3 |       |       ||     3
         Short sword       |    21 |    30 |       ||    51
         Long sword        |       |     3 |    24 ||    27
         Dagger            |       |       |    43 ||    43
         Punch             |       |       |     1 ||     1
   Cast: Foxfire           |    36 |    31 |    32 ||    99
         Scorch            |     6 |    17 |    57 ||    80
         Volatile Blastmot |     3 |     9 |    18 ||    30
         Inner Flame       |       |     7 |    23 ||    30
         Flame Wave        |       |       |     2 ||     2
    Use: Scroll            |     1 |     2 |     7 ||    10
         Potion            |       |       |     1 ||     1
   Stab: Sleeping          |     1 |       |       ||     1
 Armour: Robe              |     8 |     1 |       ||     9
         Leather armour    |       |     9 |    20 ||    29
  Dodge: Dodged            |    28 |    32 |    74 ||   134
